TOP OF THE 1ST |
Fort Wayne TinCaps batting - Pitching for Hartford Yard Goats : RHP Clay Redman
|
Pitching: RHP Clay Redman
|
|
Batting: RHB Rodolfo Rivera
|
0-0: Ball 1-0: Fly out, F9 (Flyball, 9S, EV 91.2 MPH)
|
Batting: LHB James Sousa
|
0-0: Called Strike 0-1: Ball 1-1: Called Strike 1-2: Ball 2-2: Foul Ball, location: 2F 2-2: Ground out U3 (Groundball, 3, EV 78.8 MPH)
|
Batting: RHB Mike Maserang
|
0-0: Called Strike 0-1: Foul Ball, location: 2F 0-2: Foul Ball, location: 2F 0-2: Foul Ball, location: 2F 0-2: Foul Ball, location: 2F 0-2: Foul Ball, location: 2F 0-2: Ball 1-2: Foul Ball, location: 2F 1-2: Foul Ball, location: 2F 1-2: Foul Ball, location: 2F 1-2: Foul Ball, location: 2F 1-2: Ball 2-2: Foul Ball, location: 2F 2-2: Ball 3-2: Foul Ball, location: 2F 3-2: Ground out 6-3 (Groundball, 6M, EV 90.0 MPH)
|
Top of the 1st over - 0 runs, 0 hits, 0 errors, 0 left on base; Fort Wayne 0 - Hartford 0 |
BOTTOM OF THE 1ST |
Hartford Yard Goats batting - Pitching for Fort Wayne TinCaps : LHP Blaine Whitmore
|
Pitching: LHP Blaine Whitmore
|
|
Batting: SHB Eddie Quinones
|
0-0: Called Strike 0-1: Ball 1-1: Ball 2-1: Ball 3-1: Base on Balls
|
Batting: RHB Justin Williams
|
0-0: Foul Ball, location: 2F 0-1: Fly out, F4 (Line Drive, 4, EV 68.8 MPH)
|
Batting: SHB Bobby Santor
|
0-0: Ball Eddie Quinones steals 2nd base 1-0: Called Strike 1-1: Ball 2-1: DOUBLE (Line Drive, 89M, EV 108.1 MPH) Eddie Quinones scores
|
Batting: RHB Kian-tat Chen
|
0-0: Called Strike 0-1: Called Strike 0-2: Ball 1-2: Ball Wild Pitch! Bobby Santor to third 2-2: Foul Ball, location: 2F 2-2: Strikes out looking
|
Batting: RHB Eric Garrett
|
0-0: Ball 1-0: Called Strike 1-1: Swinging Strike 1-2: Strikes out looking
|
Bottom of the 1st over - 1 run, 1 hit, 0 errors, 1 left on base; Fort Wayne 0 - Hartford 1 |
TOP OF THE 2ND |
Fort Wayne TinCaps batting - Pitching for Hartford Yard Goats : RHP Clay Redman
|
Batting: SHB Josh Parker
|
0-0: Called Strike 0-1: Fly out, F8 (Line Drive, 8RM, EV 107.5 MPH)
|
Now in CF: In-sung Lee
|
|
Batting: LHB Mike Schermerhorn
|
0-0: Ball 1-0: Called Strike 1-1: Called Strike 1-2: Ball SINGLE, rundown, out at 1st!
|
Batting: SHB Yutaro Takahashi
|
0-0: Foul Ball, location: 2F 0-1: Ball 1-1: Foul Ball, location: 2F 1-2: Fly out, F7 (Flyball, 7, EV 93.8 MPH)
|
Top of the 2nd over - 0 runs, 1 hit, 0 errors, 0 left on base; Fort Wayne 0 - Hartford 1 |
BOTTOM OF THE 2ND |
Hartford Yard Goats batting - Pitching for Fort Wayne TinCaps : LHP Blaine Whitmore
|
Batting: LHB Jeremy Brammer
|
0-0: Ball 1-0: Foul Ball, location: 2F 1-1: Foul Ball, location: 2F 1-2: Ball 2-2: Foul Ball, location: 2F 2-2: Foul Ball, location: 2F 2-2: Foul Ball, location: 2F 2-2: Strikes out swinging
|
Batting: RHB Jerry Edmiston
|
0-0: Called Strike 0-1: Fly out, F9 (Flyball, 89M, EV 77.5 MPH)
|
Batting: RHB Steve Waltenbery
|
0-0: Ball 1-0: Ground out 6-3 (Groundball, 6, EV 80.6 MPH)
|
Bottom of the 2nd over - 0 runs, 0 hits, 0 errors, 0 left on base; Fort Wayne 0 - Hartford 1 |
TOP OF THE 3RD |
Fort Wayne TinCaps batting - Pitching for Hartford Yard Goats : RHP Clay Redman
|
Batting: RHB Rich Justice
|
0-0: Called Strike 0-1: Called Strike 0-2: Strikes out swinging
|
Batting: RHB Melvin Villagomez
|
0-0: Called Strike 0-1: Foul Ball, location: 2F 0-2: Fly out, F7 (Flyball, 7LM, EV 76.2 MPH)
|
Batting: RHB Nelson Trujillo
|
0-0: Ball 1-0: SINGLE (Flyball, 8RS, EV 90.0 MPH) - OUT at second base trying to stretch hit.
|
Top of the 3rd over - 0 runs, 1 hit, 0 errors, 0 left on base; Fort Wayne 0 - Hartford 1 |
BOTTOM OF THE 3RD |
Hartford Yard Goats batting - Pitching for Fort Wayne TinCaps : LHP Blaine Whitmore
|
Batting: SHB In-sung Lee
|
0-0: Ball 1-0: Ball 2-0: Ball 3-0: SINGLE (Line Drive, 6D, EV 100.0 MPH)
|
Batting: SHB Eddie Quinones
|
0-0: Foul Ball, location: 2F 0-1: Ball 1-1: Ball 2-1: Called Strike In-sung Lee steals 2nd base 2-2: Foul Ball, location: 2F 2-2: Ball Wild Pitch! In-sung Lee to third 3-2: Fly out, F4 (Line Drive, 4, EV 72.5 MPH)
|
Batting: RHB Justin Williams
|
0-0: Ball 1-0: Called Strike 1-1: Ball 2-1: SINGLE (Groundball, 56S, EV 70.0 MPH) (infield hit) In-sung Lee scores
|
Batting: SHB Bobby Santor
|
0-0: Called Strike 0-1: Swinging Strike 0-2: Ball Justin Williams steals 2nd base 1-2: Strikes out swinging
|
Batting: RHB Kian-tat Chen
|
0-0: Foul Ball, location: 2F 0-1: Called Strike 0-2: Ball 1-2: Ball 2-2: Ball 3-2: Base on Balls
|
Batting: RHB Eric Garrett
|
0-0: Ball 1-0: SINGLE (Flyball, 9LS, EV 98.1 MPH) Justin Williams to third Kian-tat Chen to second Runner from 3rd tries for Home, throw by RF and OUT! 9-2
|
Bottom of the 3rd over - 1 run, 3 hits, 0 errors, 2 left on base; Fort Wayne 0 - Hartford 2 |
TOP OF THE 4TH |
Fort Wayne TinCaps batting - Pitching for Hartford Yard Goats : RHP Clay Redman
|
Batting: RHB Rodolfo Rivera
|
0-0: Ball 1-0: Foul Ball, location: 2F 1-1: Called Strike 1-2: Ball 2-2: Ball 3-2: Reached on error, E6 (Groundball, 6, EV 89.4 MPH)
|
Batting: LHB James Sousa
|
0-0: Ball 1-0: Ball 2-0: Ball 3-0: Base on Balls Rodolfo Rivera to second
|
Batting: RHB Mike Maserang
|
0-0: Swinging Strike 0-1: Called Strike 0-2: Ball 1-2: Strikes out swinging
|
Batting: SHB Josh Parker
|
0-0: Ball Rodolfo Rivera steals 3rd base (no throw) James Sousa to second 1-0: Foul Ball, location: 2F 1-1: 3-RUN HOME RUN (Line Drive, 9D, EV 97.5 MPH), Distance : 381 ft
|
Batting: LHB Mike Schermerhorn
|
0-0: Ball 1-0: Called Strike 1-1: Called Strike 1-2: Ball 2-2: Strikes out swinging
|
Batting: SHB Yutaro Takahashi
|
0-0: Called Strike 0-1: SINGLE (Line Drive, 4MD, EV 95.6 MPH)
|
Batting: RHB Rich Justice
|
0-0: Called Strike 0-1: Ball 1-1: Ball 2-1: Fly out, F8 (Line Drive, 8LD, EV 101.9 MPH)
|
Top of the 4th over - 3 runs, 2 hits, 1 error, 1 left on base; Fort Wayne 3 - Hartford 2 |
BOTTOM OF THE 4TH |
Hartford Yard Goats batting - Pitching for Fort Wayne TinCaps : LHP Blaine Whitmore
|
Batting: LHB Jeremy Brammer
|
0-0: Swinging Strike 0-1: Ball 1-1: Ball 2-1: Called Strike 2-2: Foul Ball, location: 2F 2-2: Strikes out swinging
|
Batting: RHB Jerry Edmiston
|
0-0: Ground out 5-3 (Groundball, 56, EV 95.0 MPH)
|
Batting: RHB Steve Waltenbery
|
0-0: Ball 1-0: Foul Ball, location: 2F 1-1: Called Strike 1-2: Strikes out swinging
|
Bottom of the 4th over - 0 runs, 0 hits, 0 errors, 0 left on base; Fort Wayne 3 - Hartford 2 |
TOP OF THE 5TH |
Fort Wayne TinCaps batting - Pitching for Hartford Yard Goats : RHP Clay Redman
|
Batting: RHB Melvin Villagomez
|
0-0: Foul Ball, location: 2F 0-1: Swinging Strike 0-2: Ball 1-2: Ball 2-2: Ball 3-2: Strikes out swinging
|
Batting: RHB Nelson Trujillo
|
0-0: Called Strike 0-1: Foul Ball, location: 2F 0-2: Foul Ball, location: 2F 0-2: Ball 1-2: Ground out 6-3 (Groundball, 6S, EV 73.8 MPH)
|
Batting: RHB Rodolfo Rivera
|
0-0: Ground out U3 (Groundball, 3, EV 110.0 MPH)
|
Top of the 5th over - 0 runs, 0 hits, 0 errors, 0 left on base; Fort Wayne 3 - Hartford 2 |
BOTTOM OF THE 5TH |
Hartford Yard Goats batting - Pitching for Fort Wayne TinCaps : LHP Blaine Whitmore
|
Batting: SHB In-sung Lee
|
0-0: Ball 1-0: Called Strike 1-1: Ball 2-1: Ball 3-1: Swinging Strike 3-2: Strikes out looking
|
Batting: SHB Eddie Quinones
|
0-0: Called Strike 0-1: Called Strike 0-2: Ball 1-2: Ball 2-2: Ball 3-2: Foul Ball, location: 2F 3-2: Base on Balls
|
Batting: RHB Justin Williams
|
0-0: Called Strike 0-1: Called Strike 0-2: Ball 1-2: Ball 2-2: Strikes out swinging
|
Pitching: RHP Marcus Hill
|
|
Batting: SHB Bobby Santor
|
0-0: Ball Eddie Quinones steals 2nd base (no throw) 1-0: Foul Ball, location: 2F 1-1: SINGLE (Line Drive, 6MD, EV 96.2 MPH) Eddie Quinones to third Runner from 3rd tries for Home, SAFE, throw by CF to home
|
Batting: RHB Kian-tat Chen
|
0-0: Ball 1-0: Fly out, F8 (Flyball, 8RS, EV 78.8 MPH)
|
Bottom of the 5th over - 1 run, 1 hit, 0 errors, 1 left on base; Fort Wayne 3 - Hartford 3 |
TOP OF THE 6TH |
Fort Wayne TinCaps batting - Pitching for Hartford Yard Goats : RHP Clay Redman
|
Batting: LHB James Sousa
|
0-0: Ball 1-0: Called Strike 1-1: Swinging Strike 1-2: Strikes out swinging
|
Pitching: RHP Nate Dallman
|
|
Batting: RHB Mike Maserang
|
0-0: Ball 1-0: Ball 2-0: Called Strike 2-1: Called Strike 2-2: Foul Ball, location: 2F 2-2: Ground out 6-3 (Groundball, 6, EV 106.9 MPH)
|
Batting: SHB Josh Parker
|
0-0: Ground out U3 (Groundball, 34, EV 102.5 MPH)
|
Top of the 6th over - 0 runs, 0 hits, 0 errors, 0 left on base; Fort Wayne 3 - Hartford 3 |
BOTTOM OF THE 6TH |
Hartford Yard Goats batting - Pitching for Fort Wayne TinCaps : RHP Marcus Hill
|
Batting: RHB Eric Garrett
|
0-0: Ball 1-0: Ball 2-0: Ball 3-0: Called Strike 3-1: Base on Balls
|
Batting: LHB Jeremy Brammer
|
0-0: Swinging Strike 0-1: Called Strike 0-2: Ball 1-2: Strikes out swinging
|
Batting: RHB Jerry Edmiston
|
0-0: Fly out, F7 (Flyball, 78S, EV 91.2 MPH)
|
Batting: RHB Steve Waltenbery
|
0-0: Foul Ball, location: 2F 0-1: Ball 1-1: Swinging Strike 1-2: Foul Ball, location: 2F 1-2: Strikes out swinging
|
Bottom of the 6th over - 0 runs, 0 hits, 0 errors, 1 left on base; Fort Wayne 3 - Hartford 3 |
TOP OF THE 7TH |
Fort Wayne TinCaps batting - Pitching for Hartford Yard Goats : RHP Nate Dallman
|
Batting: LHB Mike Schermerhorn
|
0-0: Fly out, F7 (Line Drive, 7, EV 91.2 MPH)
|
Batting: SHB Yutaro Takahashi
|
0-0: Called Strike 0-1: Ball 1-1: Called Strike 1-2: Strikes out swinging
|
Pinch Hitting: LHB Angel Mejia
|
0-0: Ball 1-0: Ball 2-0: Fly out, F9 (Flyball, 9D, EV 101.9 MPH)
|
Top of the 7th over - 0 runs, 0 hits, 0 errors, 0 left on base; Fort Wayne 3 - Hartford 3 |
BOTTOM OF THE 7TH |
Hartford Yard Goats batting - Pitching for Fort Wayne TinCaps : RHP Marcus Hill
|
Now at 3B: Rodolfo Rivera
|
|
Now at SS: Angel Mejia
|
|
Batting: SHB In-sung Lee
|
0-0: Swinging Strike 0-1: Foul Ball, location: 2F 0-2: Fly out, F5 (Popup, 5SF, EV 66.2 MPH)
|
Batting: SHB Eddie Quinones
|
0-0: Ball 1-0: Foul Ball, location: 2F 1-1: Ball 2-1: Swinging Strike 2-2: Foul Ball, location: 2F 2-2: Foul Ball, location: 2F 2-2: Foul Ball, location: 2F 2-2: Ball 3-2: Foul Ball, location: 2F 3-2: Foul Ball, location: 2F 3-2: Reached on error, E3 (Groundball, 3S, EV 86.2 MPH)
|
Batting: RHB Justin Williams
|
0-0: Ball 1-0: Ball 2-0: SINGLE (Groundball, 4MD, EV 103.1 MPH) Eddie Quinones to second Runner from 2nd tries for 3rd, SAFE, throw by CF made to third
|
Batting: SHB Bobby Santor
|
0-0: Called Strike 0-1: Ball 1-1: Ball 2-1: Ball 3-1: Called Strike 3-2: Foul Ball, location: 2F 3-2: Strikes out looking
|
Pitching: RHP Roman Baines
|
|
Batting: RHB Kian-tat Chen
|
0-0: Fly out, F8 (Flyball, 8LXD, EV 95.6 MPH)
|
Bottom of the 7th over - 0 runs, 1 hit, 1 error, 2 left on base; Fort Wayne 3 - Hartford 3 |
TOP OF THE 8TH |
Fort Wayne TinCaps batting - Pitching for Hartford Yard Goats : RHP Nate Dallman
|
Pitching: RHP Travis Porter
|
|
Pinch Hitting: SHB Adam Martin
|
0-0: Hit by Pitch
|
Pinch Hitting: RHB Juan Martinez
|
0-0: Ball Adam Martin steals 2nd base 1-0: Ground out 6-3 (Groundball, 6, EV 109.4 MPH)
|
Batting: RHB Rodolfo Rivera
|
0-0: Ball 1-0: Ball Adam Martin steals 3rd base 2-0: Called Strike 2-1: Ball 3-1: Base on Balls
|
Batting: LHB James Sousa
|
0-0: Ball Rodolfo Rivera steals 2nd base 1-0: SINGLE (Groundball, 34, EV 103.1 MPH) Adam Martin scores Rodolfo Rivera to third Runner from 3rd tries for Home, SAFE, throw by RF to home
|
Batting: RHB Mike Maserang
|
0-0: Ball 1-0: Swinging Strike 1-1: Foul Ball, location: 2F 1-2: Strikes out swinging
|
Batting: SHB Josh Parker
|
0-0: Ball 1-0: Ball 2-0: Foul Ball, location: 2F 2-1: Foul Ball, location: 2F 2-2: Fielders Choice at 2nd, 5-4 (Groundball, 5, EV 91.2 MPH)
|
Top of the 8th over - 2 runs, 1 hit, 0 errors, 1 left on base; Fort Wayne 5 - Hartford 3 |
BOTTOM OF THE 8TH |
Hartford Yard Goats batting - Pitching for Fort Wayne TinCaps : RHP Roman Baines
|
Now at 2B: Adam Martin
|
|
Now in LF: Yutaro Takahashi
|
|
Now in CF: Juan Martinez
|
|
Batting: RHB Eric Garrett
|
0-0: Called Strike 0-1: Ball 1-1: Foul Ball, location: 2F 1-2: Ball 2-2: Foul Ball, location: 2F 2-2: Strikes out swinging
|
Batting: LHB Jeremy Brammer
|
0-0: Ball 1-0: Ground out 6-3 (Groundball, 6M, EV 82.5 MPH)
|
Batting: RHB Jerry Edmiston
|
0-0: Called Strike 0-1: Ball 1-1: Swinging Strike 1-2: Fly out, F7 (Flyball, 7LS, EV 72.5 MPH)
|
Bottom of the 8th over - 0 runs, 0 hits, 0 errors, 0 left on base; Fort Wayne 5 - Hartford 3 |
TOP OF THE 9TH |
Fort Wayne TinCaps batting - Pitching for Hartford Yard Goats : RHP Travis Porter
|
Pitching: LHP Eric Zielinski
|
|
Batting: LHB Mike Schermerhorn
|
0-0: SINGLE (Groundball, 4M, EV 103.8 MPH)
|
Batting: SHB Yutaro Takahashi
|
0-0: Sac Bunt to 25 - play at first, batter safe! Mike Schermerhorn to second
|
Batting: LHB Angel Mejia
|
0-0: Bunted foul 0-1: Ball 1-1: Bunt missed! 1-2: Foul Ball, location: 2F 1-2: Fielders Choice at 2nd, 4-6 (Groundball, 4, EV 105.0 MPH) Mike Schermerhorn to third
|
Pitching: RHP Tony Barragan
|
|
Batting: SHB Adam Martin
|
0-0: Called Strike 0-1: Ball 1-1: Reached on error, E6 (Groundball, 4M, EV 105.6 MPH) Mike Schermerhorn scores Angel Mejia to second
|
Batting: RHB Juan Martinez
|
0-0: Ball 1-0: Foul Ball, location: 2F 1-1: Ball 2-1: SINGLE (Groundball, 4M, EV 83.1 MPH) (infield hit) Angel Mejia to third Adam Martin to second
|
Batting: RHB Rodolfo Rivera
|
0-0: Called Strike 0-1: Swinging Strike 0-2: DOUBLE (Line Drive, 3D, EV 96.9 MPH) Angel Mejia scores Adam Martin scores Juan Martinez to third
|
Batting: LHB James Sousa
|
0-0: Ball 1-0: Called Strike 1-1: Ball 2-1: SINGLE (Line Drive, 56D, EV 98.1 MPH) Juan Martinez scores Rodolfo Rivera to third Runner from 3rd tries for Home, SAFE, throw by LF to home
|
Batting: RHB Mike Maserang
|
0-0: Called Strike 0-1: Ball 1-1: Ball 2-1: Ball 3-1: Base on Balls James Sousa to second
|
Pitching: RHP Joe Goodale
|
|
Pinch Hitting: SHB Ryan Brown
|
0-0: Called Strike 0-1: Ball 1-1: Fielders Choice at 2nd, 3-6 (Groundball, 34, EV 87.5 MPH) James Sousa to third
|
Batting: LHB Mike Schermerhorn
|
0-0: Called Strike 0-1: Swinging Strike 0-2: Ball 1-2: Strikes out swinging
|
Top of the 9th over - 5 runs, 5 hits, 1 error, 2 left on base; Fort Wayne 10 - Hartford 3 |
BOTTOM OF THE 9TH |
Hartford Yard Goats batting - Pitching for Fort Wayne TinCaps : RHP Roman Baines
|
Now at 1B: Brian Burd
|
|
Batting: RHB Steve Waltenbery
|
0-0: Called Strike 0-1: Ball 1-1: Ball 2-1: Swinging Strike 2-2: Foul Ball, location: 2F 2-2: Strikes out swinging
|
Batting: SHB In-sung Lee
|
0-0: Ball 1-0: Foul Ball, location: 2F 1-1: Ball 2-1: Swinging Strike 2-2: Strikes out looking
|
Batting: SHB Eddie Quinones
|
0-0: Ball 1-0: Ball 2-0: Ball 3-0: Foul Ball, location: 2F 3-1: Foul Ball, location: 2F 3-2: Foul Ball, location: 2F 3-2: Foul Ball, location: 2F 3-2: Ground out 6-3 (Groundball, 6M, EV 93.8 MPH)
|
Bottom of the 9th over - 0 runs, 0 hits, 0 errors, 0 left on base; Fort Wayne 10 - Hartford 3 |
|